 Dungeon Crawl Stone Soup version 0.30.0 (webtiles) character file.

Game seed: 10924469172924821450

450 Ayyar the Cudgeller (level 6, -26/53 HPs)
             Began as a Minotaur Fighter on May 8, 2023.
             Was an Initiate of Okawaru.
             Annihilated by an ogre
             ... wielding a +0 giant spiked club
              (31 damage)
             ... on level 7 of the Dungeon.
             The game lasted 00:08:40 (2831 turns).

Ayyar the Cudgeller (Minotaur Fighter)              Turns: 2831, Time: 00:08:42

Health: -26/53     AC: 10    Str: 22    XL:     6   Next: 74%
Magic:  5/5        EV: 15    Int:  5    God:    Okawaru [......]
Gold:   306        SH:  5    Dex: 10    Spells: 5/5 levels left

rFire   . . .        a - +0 flail
rCold   . . .        c - +0 buckler
rNeg    . . .        b - +0 scale mail
rPois   .            (helmet restricted)
rElec   .            t - +0 cloak
rCorr   .            p - +0 pair of gloves
SInv    .            (no boots)
Will    .....        (no amulet) Stlth
                     f - +5 ring of evasion
HPRegen 0.28/turn    (no ring)
MPRegen 0.09/turn

%: no passive effects
@: about to teleport
A: horns 2, retaliatory headbutt
a: Renounce Religion


You were on level 7 of the Dungeon.
You worshipped Okawaru.
Okawaru was noncommittal.
You visited 2 branches of the dungeon, and saw 6 of its levels.

You collected 306 gold pieces.

Inventory:

Hand Weapons
 a - a +0 flail (weapon)
Missiles
 y - 4 javelins (quivered)
Armour
 b - a +0 scale mail (worn)
 c - a +0 buckler (worn)
 p - a +0 pair of gloves (worn)
 t - a +0 cloak (worn)
Jewellery
 f - a +5 ring of evasion (left hand)
Wands
 q - a wand of digging (5)
 x - a wand of light (6)
 z - a wand of iceblast (8)
 B - a wand of flame (11)
Scrolls
 e - a scroll of vulnerability {unknown}
 h - a scroll of noise
 i - 3 scrolls of amnesia
 j - 3 scrolls of identify
 k - 2 scrolls of fear {unknown}
 w - 2 scrolls of teleportation
 A - a scroll of magic mapping {unknown}
Potions
 d - a potion of might
 g - 2 potions of mutation {unknown}
 l - a potion of resistance {unknown}
 m - a potion of curing
 n - 2 potions of attraction {unknown}
 o - a potion of ambrosia {unknown}
 r - a potion of lignification {unknown}
 s - a potion of haste {unknown}
 u - a potion of brilliance {unknown}
 v - a potion of degeneration {unknown}


   Skills:
 + Level 4.5 Fighting
 + Level 5.6 Maces & Flails
 + Level 0.2 Throwing
 + Level 5.5 Armour
 + Level 2.0 Dodging
 + Level 5.1 Shields


You had 5 spell levels left.
You didn't know any spells.
Your spell library contained the following spells:

 Spells                   Type           Power      Damage    Failure   Level
 Freeze                   Ice            0%         1d3       85%         1
 Blink                    Tloc           0%         N/A       94%         2
 Lesser Beckoning         Tloc           0%         N/A       94%         2
 Momentum Strike          Conj/Tloc      0%         3d8       94%         2
 Dazzling Flash           Conj/Hex       0%         N/A       99%         3
 Frozen Ramparts          Ice            0%         1d1       99%         3
 Gell's Gravitas          Tloc           0%         N/A       99%         3
 Hailstorm                Conj/Ice       0%         3d3       99%         3
 Swiftness                Air            0%         N/A       99%         3
 Teleport Other           Tloc           0%         N/A       99%         3
 Agony                    Necr           0%         N/A       100%        5
 Silence                  Hex/Air        0%         N/A       100%        5
 Conjure Ball Lightning   Conj/Air       0%         3x3d6     100%        6
 Dispersal                Tloc           0%         N/A       100%        6


Dungeon Overview and Level Annotations

Branches:
Dungeon (4/15)             Temple (1/1) D:4

Altars:
Dithmenos
Fedhas
Kikubaaqudgha
Makhleb
Okawaru
Qazlal
Yredelemnul
Zin


Innate Abilities, Weirdness & Mutations

You have a pair of horns on your head.
You reflexively headbutt those who attack you in melee.


Message History

The kobold brigand attacks as you move away!
The kobold brigand hits you with a +0 whip.
You block the gnoll's attack. The kobold misses you.
The kobold brigand throws a poisoned dart.
The poisoned dart hits you!
You are poisoned.
You feel sick.
You feel sick. The kobold attacks as you move away!
You block the kobold's attack.
You feel sick.
The ogre shouts!
The kobold attacks as you move away! The kobold barely misses you.
You feel sick.
As you read the scroll labelled NONKALU VEOH, it crumbles to dust.
It is a scroll of identify.
i - 3 scrolls of amnesia You feel sick.
The gnoll is no longer moving quickly. x2
The gnoll barely misses you.
The gnoll hits you with a +2 flail of protection!
* * * LOW HITPOINT WARNING * * *
You block the kobold's attack.
As you read the scroll labelled ESKARCH FIG HOGG, it crumbles to dust.
You hear a loud clanging noise!
It was a scroll of noise.
You feel sick. The gnoll closely misses you. You block the gnoll's attack.
As you read the scroll labelled LYADEDWO JUMNE, it crumbles to dust.
You feel strangely unstable.
It was a scroll of teleportation.
You feel sick. The gnoll barely misses you. You block the gnoll's attack.
The kobold closely misses you. The white imp gestures at you.
The puff of frost hits you.
* * * LOW HITPOINT WARNING * * *
You feel better. The gnoll hits you but does no damage.
The gnoll hits you with a +2 flail of protection.
* * * LOW HITPOINT WARNING * * *
The kobold hits you with a +0 short sword.
* * * LOW HITPOINT WARNING * * *
The ogre hits you with a +0 giant spiked club!!
Ouch! That really hurt!
You die...

############
...........+
...........#
.).g.......#
.g....(...####+#######
.####.....##...g@5K..##
.####.....##...OK#K...#
.#..............g#....#
.#...............#K...#
.#......?........)....#
.#...............#....#
.#.......[.......#....#
.#...............#....#
.#####K#####...........#


You could see a kobold brigand, an ogre, 2 gnolls, a white imp and 2 kobolds.

Vanquished Creatures
  Sigmund (D:3)
  2 gnoll boudas
  A sleepcap (D:7)
  10 gnolls
  4 adders
  4 orcs (D:3)
  6 ball pythons
  5 bats
  4 endoplasms
  4 giant cockroaches (D:1)
  5 goblins
  7 hobgoblins
  9 jackals
  2 quokkas
  4 frilled lizards
  5 kobolds
  11 rats (D:1)
84 creatures vanquished.

Notes
Turn   | Place    | Note
-------+----------+-------------------------------------------
     0 | D:1      | Ayyar the Minotaur Fighter began the quest for the Orb.
     0 | D:1      | Reached XP level 1. HP: 19/19 MP: 0/0
    49 | D:1      | Got the Handbook of the Missiles and Air
   119 | D:1      | Reached XP level 2. HP: 21/27 MP: 1/1
   399 | D:1      | Reached XP level 3. HP: 31/33 MP: 2/2
   529 | D:2      | Reached skill level 1 in Dodging
  1181 | D:2      | Found a faded altar of an unknown god.
  1293 | D:3      | Noticed Sigmund
  1301 | D:3      | Killed Sigmund
  1302 | D:3      | Reached XP level 4. HP: 27/41 MP: 3/3
  1302 | D:3      | Reached XP level 5. HP: 31/47 MP: 4/4
  1660 | D:3      | Reached skill level 5 in Armour
  1674 | D:3      | Reached XP level 6. HP: 43/53 MP: 5/5
  2308 | D:3      | Reached skill level 5 in Maces & Flails
  2526 | D:4      | Found a staircase to the Ecumenical Temple.
  2543 | Temple   | Entered the Ecumenical Temple
  2590 | Temple   | Became a worshipper of Warmaster Okawaru
  2757 | D:4      | You fall into a shaft and drop 3 floors!
  2820 | D:7      | Reached skill level 5 in Shields
  2830 | D:7      | HP: 2/53 [white imp/puff of frost (6)]
  2831 | D:7      | Annihilated by an ogre

Illustrated notes

Levels and vault maps discovered:
D:1:      dpeg_arrival_ratfight, layout_basic
D:2:      layout_basic, dreamdust_ecumenical_altar_sealed_demon,
          minmay_misc_feat_columns, st_stairs_11, minmay_pentomino_o4
D:3:      layout_loops_ring, serial_bayou_lagoon_a, uniq_sigmund
D:4:      layout_loops_ring, chequers_temple_overflow_minitemple,
          minmay_temple_entry_offerings, patterned_corridor
D:7:      layout_gridville
Temple:   bh_familiar_temple

Skill      XL: |  1  2  3  4  5  6 |
---------------+-------------------+-----
Shields        | 4 5 |  5.1
Fighting       | 4 |  4.5
Armour         | 4 5 |  5.5
Dodging        | 1 2 |  2.0
Maces & Flails | 4 5 |  5.6
Throwing       | |  0.2

Action                     |  1- 3 |  4- 6 || total
---------------------------+-------+-------++-------
  Melee: Flail             |   121 |    84 ||   205
         Headbutt          |    12 |    11 ||    23
  Throw: Throwing net      |       |     1 ||     1
  Evoke: Wand              |       |     1 ||     1
    Use: Scroll            |       |     3 ||     3
         Potion            |       |     2 ||     2
 Armour: Scale mail        |    65 |    27 ||    92
  Dodge: Dodged            |    65 |   107 ||   172
  Block: Buckler           |    29 |    34 ||    63
